Cogmind - Beta 15 @@@ ROGUE MODE // 2025.10.04 @ 14:20:46 Player: Grey Result: Destroyed by Autobeam Turret with Autobeam Performance ------------- Evolutions (0) 0 Regions Visited (3) 600 Robots Destroyed (22) 110 Value Destroyed (552) 552 Prototype IDs (0) 0 Alien Tech Used (0) 0 Bonus (7) 7 TOTAL SCORE: 1269 Bonus ------- Follower Combat Kills 7 Cogmind --------- Core Integrity 0/250 Matter 268/300 Energy 315/315 System Corruption 4% Temperature Cool (12) Movement Walking (470) Ox5 Location -10/Subcaves Parts ------- > --- POWER (1) -------- Neutrino Core (fused) > --- PROPULSION (2) --- Carbon-fiber Leg Myomer Leg > --- UTILITY (2) ------ Humpback > --- WEAPON (2) ------- Subdweller Machine Gun Subdweller Machine Gun > --- INVENTORY (35) --- Light Nuclear Core Subdweller Optics Signal Interpreter Phase Shifter Makeshift Thermal Plating Scrap Shield Riot Gun Beamcaster Scrap Shield Fragment (49) Scrap Shield Fragment (48) Scrap Shield Fragment (47) Scrap Shield Fragment (46) Scrap Shield Fragment (44) Scrap Shield Fragment (43) Scrap Shield Fragment (40) Scrap Shield Fragment (38) Scrap Shield Fragment (28) Scrap Shield Fragment (25) Peak State ------------ > --- POWER ------------ Neutrino Core > --- PROPULSION ------- Carbon-fiber Leg Myomer Leg > --- UTILITY ---------- Humpback > --- WEAPON ----------- Beamcaster Subdweller Machine Gun > --- INVENTORY -------- Light Nuclear Core Subdweller Optics Signal Interpreter Phase Shifter Makeshift Thermal Plating Scrap Shield Riot Gun Subdweller Machine Gun Mining Laser Scrap Shield Fragment Scrap Shield Fragment Scrap Shield Fragment Scrap Shield Fragment Scrap Shield Fragment Scrap Shield Fragment Scrap Shield Fragment Scrap Shield Fragment [Rating: 29] Favorites ----------- Power Neutrino Core Engine Ion Engine Power Core Neutrino Core Propulsion Light Treads Treads Light Treads Leg Myomer Leg Utility Humpback Storage Humpback Protection Light Armor Plating Weapon Subdweller Machine Gun Energy Gun Beamcaster Ballistic Gun Subdweller Machine Gun Special Weapon Mining Laser Build | -11 -10 -10 -10 ------- Run | Yrd Mat Min Sub Slots Evolved . | . . . . Power . | . . . . Propulsion . | . . . . Utility . | . . . . Weapon . | . . . . Parts Attached 19 | 5 2 1 11 Power 2 | 1 . . 1 Engine 1 | 1 . . . Core 1 | . . . 1 Reactor . | . . . . Propulsion 5 | 2 . . 3 Treads 3 | 2 . . 1 Leg 2 | . . . 2 Wheel . | . . . . Hover . | . . . . Flight . | . . . . Utility 4 | 1 1 1 1 Device . | . . . . Storage 2 | 1 . . 1 Processor . | . . . . Hackware . | . . . . Protection 2 | . 1 1 . Artifact . | . . . . Weapon 8 | 1 1 . 6 Energy Gun 1 | . . . 1 Energy Cannon . | . . . . Ballistic Gun 6 | 1 1 . 4 Ballistic Cannon . | . . . . Launcher . | . . . . Special Weapon 1 | . . . 1 Impact Weapon . | . . . . Slashing Weapon . | . . . . Piercing Weapon . | . . . . Special Melee Weapon . | . . . . Unidentified Prototypes . | . . . . Parts Lost 8 | . 1 . 7 Power . | . . . . Propulsion 3 | . . . 3 Utility 1 | . 1 . . Weapon 4 | . . . 4 Highest Loss Streak 2 | . 1 . 2 To Critical Strikes . | . . . . Average Backups 8 | . 3 5 9 Power 1 | . 1 2 1 Propulsion 1 | . . . 1 Utility 3 | . 1 2 4 Weapon 2 | . . 1 2 Tool/Special . | . . . . Unused Backups 12 | . . 1 11 Power 3 | . . 1 2 Propulsion . | . . . . Utility 7 | . . . 7 Weapon 2 | . . . 2 Tool/Special . | . . . . Average Slot Usage (%) 86 | . 85 96 85 Engine 3 | . 14 14 . Core 10 | . . . 13 Treads 25 | . 28 28 24 Leg 2 | . . . 2 Storage 14 | . 14 14 14 Protection 2 | . 7 10 . Energy Gun 7 | . . . 9 Ballistic Gun 19 | . 21 28 17 Peak Build Rating 29 | 5 7 7 29 Average Rating 18 | 3 6 6 21 On Entrance 4 | . 5 6 7 Naked Turns . | . . . . Heaviest Build 223 | 12 16 16 223 Greatest Support 40 | 40 40 40 40 Greatest Overweight (x) 10 | 1 . . 10 Average Overweight (x) 2 | . . . 4 Largest Inventory Capacity 35 | 8 8 8 35 Average Capacity 28 | 5 8 8 33 Most Carried 20 | 3 5 7 20 Average Carried 14 | 1 3 5 17 Final Capacity 35 | 8 8 8 35 Final Carried 19 | 1 5 7 19 Class Distribution -------------------- 77% | Hauler-Mutant 22% | Mutant Dominant Class ---------------- Mutant | -10/Materials Mutant | -10/Mines Hauler-Mutant | -10/Subcaves Resources | -11 -10 -10 -10 ----------- Run | Yrd Mat Min Sub Matter Collected 797 | 185 172 55 385 Remotely . | . . . . Salvage Created 635 | . 198 41 396 Parts 51 | . 13 5 33 Haulers Intercepted . | . . . . Recyclers Shooed . | . . . . Parts Field Recycled . | . . . . Retrieved Matter . | . . . . Parts Self-Destructed 11 | . . . 11 Prevented . | . . . . Kills | -11 -10 -10 -10 ------- Run | Yrd Mat Min Sub Combat Hostiles Destroyed 22 | . 7 3 12 Guns 22 | . 7 3 12 Classes Destroyed 3 | . 2 . 1 Swarmer 11 | . 3 3 5 Grunt 4 | . 4 . . Subdweller 7 | . . . 7 Best Kill Streak 4 | . 3 3 4 Combat Bots Only 4 | . 3 3 4 Max Kills in Single Turn 2 | . 1 1 2 Gunslinging . | . . . . Exploded . | . . . . Melee . | . . . . Uniques/NPCs Destroyed . | . . . . Combat | -11 -10 -10 -10 -------- Run | Yrd Mat Min Sub Hostile Shots Fired 248 | . 49 8 191 Missed 80 | . 13 3 64 Hits 168 | . 36 5 127 Projectile 168 | . 36 5 127 AOE 1 | . . . 1 Critical Strikes 3 | . 1 . 2 Damage Taken 1869 | . 384 34 1451 Core 254 | . 107 . 147 Absorbed by Shields . | . . . . Core Remaining (%) 100 | 100 . . . Volleys Fired 88 | . 31 4 53 Largest 2 | . 2 2 2 Hottest 105 | . 40 40 105 Shots Fired 149 | . 47 8 94 Gun 146 | . 47 8 91 Cannon . | . . . . Launcher . | . . . . Special 3 | . . . 3 Kinetic 123 | . 47 8 68 Thermal 26 | . . . 26 Explosive . | . . . . Electromagnetic . | . . . . Robot Hit Streak 18 | . 11 5 18 Robot Miss Streak 3 | . 3 1 3 Penetration Max . | . . . . Secondary Targets 3 | . . . 3 Max Gunslinging Chain 1 | . . . 1 Shots Hit Robots 90 | . 31 5 54 Core Hits 41 | . 15 4 22 Critical Kills . | . . . . Critical Parts Destroyed . | . . . . Critical Strikes . | . . . . Melee Attacks . | . . . . Impact . | . . . . Slashing . | . . . . Piercing . | . . . . Sneak Attacks . | . . . . Combat Hostiles . | . . . . Follow-up Attacks . | . . . . Damage Inflicted 1216 | . 340 51 825 Guns 1216 | . 340 51 825 Cannons . | . . . . Explosions . | . . . . Melee . | . . . . Ramming . | . . . . Kinetic 1006 | . 340 51 615 Thermal 210 | . . . 210 Explosive . | . . . . Electromagnetic . | . . . . Impact . | . . . . Slashing . | . . . . Piercing . | . . . . Highest Corruption 4 | . 4 4 4 Average Corruption 3 | . 3 4 4 Corruption Purged . | . . . . Corruption Blocked . | . . . . Effects 96 | . . 16 80 Message Errors 21 | . . 4 17 Matter Fused 22 | . . 4 18 Heat Flow Errors 11 | . . 2 9 Energy Discharges 12 | . . . 12 Parts Rejected 2 | . . . 2 Parts Fused 1 | . . . 1 Data Loss (minor) 19 | . . 4 15 Data Loss (major) 3 | . . 1 2 Misfires 2 | . . . 2 Alerts 2 | . . 1 1 Weapon Failures 1 | . . . 1 Overload Shots . | . . . . Overflow Damage . | . . . . Projectiles . | . . . . Explosions . | . . . . Melee . | . . . . Knockbacks . | . . . . Impact . | . . . . Kinetic . | . . . . Secondary . | . . . . Self-Inflicted Damage . | . . . . Shots . | . . . . Rammed . | . . . . Targets Rammed . | . . . . Kicked . | . . . . Crushed . | . . . . Highest Temperature 271 | . 30 271 262 Average Temperature 89 | . 14 124 106 Received Heat Transfer 947 | . 132 . 815 Effects 1 | . . 1 . Interference 1 | . . 1 . Siege Activations . | . . . . Martial Activations . | . . . . Shielding Activations . | . . . . Robots Disrupted . | . . . . Combat Hostiles . | . . . . Robots Corrupted . | . . . . Combat Hostiles . | . . . . Parts Fried . | . . . . Impact Corruptions . | . . . . Robots Melted . | . . . . Combat Hostiles . | . . . . Parts Melted 3 | . . . 3 Heat Transferred 370 | . . . 370 Parts Sabotaged . | . . . . Parts Stolen . | . . . . Parts Stripped . | . . . . Power Chain Reactions . | . . . . Alert | -11 -10 -10 -10 ------- Run | Yrd Mat Min Sub Maximum Alert Level . | . . . . Low Security (%) 100 | 100 100 100 . Level 1 . | . . . . Level 2 . | . . . . Level 3 . | . . . . Level 4 . | . . . . Level 5 . | . . . . High Security . | . . . . Max Security . | . . . . Peak Influence 105 | . 105 77 . Initial 17 | . . 17 . Average 22 | . 41 11 . Influence Increases 608 | . 181 102 325 Destroy 0b10 Robot/C 320 | . 140 80 100 Destroy Leader 50 | . 30 20 . Allied During Kill 2 | . . 2 . Successful Hack 11 | . 11 . . Lose Combat Pursuer 225 | . . . 225 Influence Decreases 341 | . 136 131 74 Entered New Map 37 | . . 28 9 Time Decay 264 | . 126 103 35 Lost Part 40 | . 10 . 30 Squads Dispatched . | . . . . Investigation . | . . . . Extermination . | . . . . Reinforcement . | . . . . Assault . | . . . . Garrison . | . . . . Intercept . | . . . . Searches Triggered . | . . . . Construction Impeded . | . . . . Haulers Reinforced . | . . . . Active Scanning Responses . | . . . . Cargo Convoy Interrupts . | . . . . Stealth | -11 -10 -10 -10 --------- Run | Yrd Mat Min Sub Distress Signals . | . . . . Communications Jammed . | . . . . Distress Signals . | . . . . Times Spotted 40 | . 8 3 29 Peak Tracking Total 7 | . 3 3 7 Tactical Retreats 5 | . . . 5 Traps | -11 -10 -10 -10 ------- Run | Yrd Mat Min Sub Traps Triggered 2 | . 2 . . Indirectly . | . . . . Trap Hack Attempts . | . . . . Triggered . | . . . . Disarmed 6 | . 6 . . Reprogrammed . | . . . . Reused . | . . . . Traps Extracted . | . . . . Installed . | . . . . Triggered . | . . . . Machines | -11 -10 -10 -10 ---------- Run | Yrd Mat Min Sub Machines Disabled 2 | . . . 2 Max in Single Turn 1 | . . . 1 Machines Repaired . | . . . . Machines Dismantled . | . . . . Machines Sabotaged . | . . . . Overloaded Fab Kills . | . . . . Hacking | -11 -10 -10 -10 --------- Run | Yrd Mat Min Sub Machines Accessed 5 | . 4 1 . Terminals 4 | . 3 1 . Fabricators . | . . . . Repair Stations . | . . . . Recycling Units 1 | . 1 . . Scanalyzers . | . . . . Garrison Access . | . . . . Total Hacks 10 | . 7 3 . Successful 8 | . 6 2 . Failed 2 | . 1 1 . Catastrophic . | . . . . Database Lockouts . | . . . . Manual . | . . . . Terminals 9 | . 6 3 . Fabricators . | . . . . Repair Stations . | . . . . Recycling Units 1 | . 1 . . Scanalyzers . | . . . . Garrison Access . | . . . . Terminal Hacks 7 | . 5 2 . Record 2 | . . 2 . Recycling Unit Index 1 | . 1 . . Locate Traps 1 | . 1 . . Disarm Traps 2 | . 2 . . Dispatch Records 1 | . 1 . . Fabricator Hacks . | . . . . Repair Station Hacks . | . . . . Recycling Unit Hacks 1 | . 1 . . Report Inventory 1 | . 1 . . Scanalyzer . | . . . . Garrison Access Hacks . | . . . . Unauthorized Hacks . | . . . . Terminals . | . . . . Fabricators . | . . . . Repair Stations . | . . . . Recycling Units . | . . . . Scanalyzers . | . . . . Garrison Access . | . . . . Data Cores Recovered . | . . . . Used . | . . . . Hacking Detections 3 | . 3 . . Full Trace Events . | . . . . Feedback Events . | . . . . Feedback Blocked . | . . . . Robot Schematics Acquired . | . . . . Robots Built . | . . . . Authchips . | . . . . Time . | . . . . Total Robot Build Rating . | . . . . Part Schematics Acquired . | . . . . Parts Built . | . . . . Authchips . | . . . . Time . | . . . . Total Part Build Rating . | . . . . Parts Repaired . | . . . . Time . | . . . . Parts Recycled . | . . . . Recycled Matter . | . . . . Retrieved Matter . | . . . . Retrieved Components . | . . . . Parts Scanalyzed . | . . . . Part Schematics Acquired . | . . . . Parts Damaged . | . . . . Bothacking | -11 -10 -10 -10 ------------ Run | Yrd Mat Min Sub Used RIF Installer . | . . . . Robots Hacked . | . . . . Non-combat . | . . . . Combat . | . . . . Robot Hacks Applied . | . . . . Relay Couplers Released . | . . . . Fabnet Peak Effective % . | . . . . Robots Rewired . | . . . . Allies Hacked . | . . . . Hacks Repelled . | . . . . Allies | -11 -10 -10 -10 -------- Run | Yrd Mat Min Sub Total Allies 1 | . . 1 . Largest Group 1 | . . 1 . Highest-Rated Group 31 | . . 31 . Highest-Rated Ally 31 | . . 31 . Total Orders . | . . . . Ally Attacks 6 | . . 6 . Total Damage 62 | . . 62 . Kills 1 | . . 1 . Allies Corrupted . | . . . . Allies Melted . | . . . . Intel | -11 -10 -10 -10 ------- Run | Yrd Mat Min Sub Active Infowar (turns) . | . . . . Robot Analysis Total . | . . . . Derelict Logs Recovered 2 | . . 1 1 Drone Launches . | . . . . Drone Recoveries . | . . . . Exploration | -11 -10 -10 -10 ------------- Run | Yrd Mat Min Sub Turns Passed 5066 | 62 394 584 4026 Spaces Moved 1237 | 36 190 333 678 Core 12 | 11 . . 1 Treads 1165 | 25 190 333 617 Legs 60 | . . . 60 Wheels . | . . . . Hover . | . . . . Flight . | . . . . Fastest Speed 50 | 50 160 160 120 Average Speed 380 | 136 160 160 563 Slowest Speed 1160 | 160 160 160 1160 Overloaded Moves . | . . . . Propulsion Burnouts . | . . . . Robots Hopped . | . . . . Potential Cave-ins . | . . . . Cave-ins Triggered . | . . . . Exploration Rate (%) 35 | 3 36 57 46 Regions Visited 3 Branch Regions 2 Pre-discovered Areas . | . . . . Known Exits Taken . | . . . . Unknown Exits Taken 3 | 1 1 1 . Scrap Searched 5 | . . 2 3 Spaces Dug . | . . . . Terrain Destroyed . | . . . . Melee . | . . . . Projectile . | . . . . AOE . | . . . . Terrain Rammed . | . . . . Walls Destroyed . | . . . . Machines Disabled . | . . . . Actions | -11 -10 -10 -10 --------- Run | Yrd Mat Min Sub Total 1452 | 49 236 378 789 Wait 54 | 3 8 36 7 Move 1234 | 35 189 332 678 Hop . | . . . . Pick Up 44 | 6 6 4 28 Fast Attach 2 | . . . 2 Attach 16 | 5 2 1 8 Detach . | . . . . Swap 5 | . . . 5 Drop 9 | . . 1 8 Fire 88 | . 31 4 53 Melee . | . . . . Ram . | . . . . Kick . | . . . . Crush . | . . . . Escape Stasis . | . . . . Rewire . | . . . . Trap . | . . . . Miscellaneous . | . . . . Route ------- -11/Scrapyard -10/Materials -10/Mines (discovered 2 exits: [*Mat] / [*Sub]) -10/Subcaves (discovered 1 exit: [*Rec]) History --------- Turn | Location | Event 22 | -11/Scrapyard | Discovered new exit (range 16) 63 | -11/Scrapyard | Entered Materials 301 | -10/Materials | Build established: Mutant 420 | -10/Materials | Discovered new exit (range 6) 457 | -10/Materials | Entered Mines 507 | -10/Mines | Met a Derelict bent on vengeance 642 | -10/Mines | Discovered new exit (range 6) 726 | -10/Mines | Learned Materials trap positions 822 | -10/Mines | Received a Mining Laser from a helpful Derelict 854 | -10/Mines | Discovered new exit (range 7) 1041 | -10/Mines | Entered Subcaves 1137 | -10/Subcaves | Ambushed by swarm of Subdwellers 1150 | -10/Subcaves | Ambushed by Subdwellers from Twisted Machinery 1167 | -10/Subcaves | Core integrity fell below 50% 1469 | -10/Subcaves | Build established: Hauler-Mutant 2686 | -10/Subcaves | Shifting Twisted Machinery released Sub. Power Source 2735 | -10/Subcaves | Shifting Twisted Machinery released Flamer 4757 | -10/Subcaves | Discovered new exit (range 15) 5045 | -10/Subcaves | Core integrity fell below 20% 5067 | -10/Subcaves | Destroyed by Autobeam Turret with Autobeam Last Messages --------------- 04846_ System corrupted: Heat flow error (+262). 04871_ Sub. Beam Cannon melted. 04871_ VC-GRK(R) destroyed. 04917_ Acquired 28 matter. 04941_ Acquired Scrap Shield Fragment. 04948_ System corrupted: Energy discharge (-72). 04952_ Searching scrap... 04952_ Found Mak. Thermal Plating. 04952_ Found 47 Matter. 04953_ Acquired 47 matter. 04957_ Searching scrap... 04957_ Found Sub. Monowheel. 04957_ Found 50 Matter. 04958_ Acquired 50 matter. 04987_ Subatomizers dissect the Sub. Power Source. 05028_ Acquired 19 matter. 05048_ System corrupted: Component data lost. 05061_ Mining Laser destroyed. 05063_ Machine disabled. Map ----- +----------------------------------------------------+ | ?????????????????????????????????????????????????? | | ?????????????????????????????????????????????????? | | ?????????????????????????????????????????????????? | | ?????????????????????????????????????????????????? | | ?????????????????????????????????????????????????? | | ?????????????????????????????????????????????????? | | ?????????????????????????????????????????????????? | | ?????????????????????????????????????????????????? | | ?????????????????????????????????????????????????? | | ?????????????????????????????????????????????????? | | ?????????????????????????????????????????????????? | | ?????????????????????????????????????????????????? | | ?????????????????????????????????????????????????? | | ?????????????????????????????????????????????????? | | ???????????????????????????????#######???????????? | | ?????????????#####?????##??????#" ! "#???????????? | | ????????????## #######<###???# =## #???????????? | | ???????????## %##" "" " "???#### #??#????????? | | ??????????## % ##" " " ???###" ### ## ##???? | | ?????????## ##" t t ????# ## # #???? | | ?????????# ## ????# ! " #????? | | ?????????### ##? ???## * # #?????? | | ???????????# ##??? ??## ### ###???????? | | ???????????# #?????# #?## #??# #?????????? | | ????????#### ##?????# #?# #??? ????????? | | ???????## #??????# @### #??? #???????? | | ######## #??????# ## #??? #???????? | | ## ###??????### #???? #??????? | | * #??????????# % #???? ?????? | | ## #?????????## #???? ????? | | ### ### #?????????# ## % ???? | | #?## #?## #????####?# #### % ???? | | ##?#####??# ##?### #### #??# % ?????? | | #????????# ###" # " ##?# ## ######?????? | | #????????## ## " " #?# #?# #??????????? | | #?????????## ""# #"" #?# #?? #??????????? | | ##??????????## """###"" ## #??? #??????????? | | #????????????#### """ #### ??? ??????????? | | ###?????????????## &##??? ???? ?????????? | | #??????????????#### # #???? ##???? ????????? | | #?????????????????##### ####? ??????#????????? | | #????????????????????# # #? ##########??????? | | ###????????????????????# # # # # # #??????? | | ???????????????????????# = ## #??????? | | ??????????????????????## ##### # # #??????? | | ?????????????????????## ##?###### ##?????? | | ????????????????????## ### #?????? | | ???????????????????## ## ####### | | ?????????????????### ## ## ## # | | ?????????????????# #### ### # | +----------------------------------------------------+ Best States ------------- Heat Dissipation 25 Energy Generation 19 Energy Capacity 315 Matter Stores 300 Matter Capacity 300 Sight Range 16 Terrain Scan Density 10 Armor Coverage 150 Evasion (%) 45 Recoil Reduction 2 Item Schematics ----------------- None Robot Schematics ------------------ None Fabricated ------------ Nothing Repaired ---------- Nothing Alien Tech Used ----------------- None Achievements -------------- Tank Challenges ------------ None Game ------ Seed SuperquantumCoreScythe Manual? 0 Play Time 00:27:54 Cumulative 14.9 hours Start 2025.10.04 @ 13:54:21 End 2025.10.04 @ 14:20:46 Sessions 1 Manual Loads 0 Difficulty Rogue Special Mode None Game No. 13 Rogue 13 Adventurer 0 Explorer 0 Win Type - Total 0 Types 0/0/0/0/0/0/0/0/0/0 Lore% 11 Gallery% 16 Achievement% 17 Wizard Run 0 Options --------- Layout 1 ASCII 0 Keyboard 0 Movement Mouse Keybinds 0 Fullscreen 1 Font 32/SmallcapsGlow Map View 50x35 Zoom Use 0% Tactical HUD 1 Map Filters NONE Filters NONE Steam 1 RUN: b0699e33-25f1-4789-bd09-dc0a159a147b